Map: New Gettysburg LE

Players

Dreadlord - Winner!

  • Race: Terran Terran
  • League: Master

Linko

  • Race: Protoss Protoss
  • League: Master

VOD

Have the link to the VOD?

Description

Time

  • Played on: Nov. 8, 2016, 3:52 p.m.
  • Length: 16:15
Show
View Real Time Build Order
Export as new Build Order

Dreadlord Terran - Winner!

Build Orders: Cyclone Opening, Reaper Expand 

Get SALT Encoding   

  12  0:01  SCV  
  13  0:13  SCV  
  14  0:18  Supply Depot  
  14  0:25  SCV  
  15  0:31  Refinery  
  15  0:40  SCV  
  16  0:46  Barracks  
  16  0:52  SCV  
  17  1:04  SCV  
  18  1:16  SCV  
  19  1:32  Orbital Command  
  19  1:33  Reaper  
  20  1:51  Command Center  
  20  1:59  Factory  
  20  2:01  SCV  
  21  2:13  SCV  
  22  2:18  Refinery  
  22  2:22  Barracks Tech Lab  
  22  2:24  Supply Depot  
  22  2:32  SCV  
  23  2:46  SCV  
  24  2:58  SCV  
  25  2:59  Cyclone  
  25  3:04  Factory  
  25  3:05  Orbital Command  
  29  3:09  Barracks Reactor  
  29  3:10  SCV  
  30  3:22  SCV  
  30  3:31  Cyclone, SCV  
  35  3:34  SCV  
  36  3:42  Supply Depot  
  36  3:43  SCV  
  36  3:45  Mag-Field Accelerator  
  36  3:46  SCV  
  38  3:55  SCV  
  39  3:58  SCV  
  39  3:59  Supply Depot, Widow Mine x2  
  44  4:07  SCV  
  44  4:09  Engineering Bay  
  45  4:11  Cyclone, SCV  
  50  4:19  SCV  
  50  4:20  Supply Depot  
  50  4:23  SCV  
  52  4:31  SCV  
  52  4:35  SCV  
  58  4:38  Hellion x2  
  58  4:43  Supply Depot, SCV  
  58  4:44  Supply Depot  
  59  4:47  Missile Turret, Cyclone, SCV  
  64  4:52  Missile Turret  
  64  4:55  SCV  
  64  4:59  SCV  
  66  5:04  Supply Depot  
  66  5:07  Supply Depot, SCV  
  66  5:11  SCV  
  68  5:15  Hellion x2  
  68  5:19  SCV  
  73  5:23  SCV  
  74  5:29  Cyclone  
  78  5:40  SCV x2  
  78  5:41  Hellion x2  
  82  5:48  Command Center  
  80  5:52  SCV x2  
  82  6:01  Cyclone  
  82  6:04  SCV x2  
  88  6:05  Factory  
  88  6:06  Factory  
  88  6:07  Refinery  
  88  6:08  Refinery  
  88  6:12  Supply Depot  
  88  6:13  Supply Depot  
  88  6:14  Widow Mine x2  
  88  6:16  SCV x2  
  94  6:23  Factory  
  94  6:28  SCV x2  
  96  6:39  Missile Turret  
  96  6:40  SCV x2  
  96  6:43  Cyclone  
  96  6:45  Missile Turret  
  102  6:51  Factory Tech Lab, Armory  
  102  6:52  SCV x2  
  102  6:53  Factory Tech Lab  
  104  7:01  SCV  
  103  7:04  SCV  
  104  7:15  Cyclone  
  108  7:19  Cyclone x2  
  108  7:20  Widow Mine x2, Factory Tech Lab  
  110  7:32  SCV  
  111  7:37  Refinery, SCV  
  111  7:39  Refinery  
  111  7:41  Terran Vehicle And Ship Armor Level 1  
  111  7:44  SCV  
  113  7:47  Cyclone  
  117  7:51  Cyclone, Widow Mine  
  117  7:52  Widow Mine  
  117  7:54  SCV  
  126  8:05  Orbital Command  
  126  8:13  Command Center  
  126  8:17  Sensor Tower, SCV x2  
  128  8:22  Cyclone  
  132  8:35  Sensor Tower  
  132  8:37  SCV  
  132  8:38  Supply Depot  
  133  8:43  Missile Turret  
  133  8:45  Missile Turret  
  133  8:49  Cyclone  
  133  8:51  Cyclone, Widow Mine  
  133  8:52  Cyclone, Hellion, SCV  
  133  8:54  Widow Mine  
  140  9:04  Missile Turret  
  120  9:11  Missile Turret  
  120  9:12  Widow Mine  
  122  9:19  Widow Mine  
  122  9:21  Cyclone, SCV  
  122  9:23  Widow Mine x2, Cyclone  
  127  9:41  Widow Mine  
  113  9:48  Widow Mine  
  113  9:50  SCV  
  113  9:51  SCV  
  113  9:52  Cyclone x2  
  122  9:53  Cyclone, SCV x2  
  122  9:54  Widow Mine  
  130  10:00  Missile Turret  
  130  10:03  SCV  
  130  10:05  SCV x2  
  133  10:09  Widow Mine  
  133  10:12  Terran Vehicle And Ship Armor Level 2  
  135  10:15  SCV  
  135  10:16  Missile Turret, Widow Mine  
  135  10:17  SCV x2  
  136  10:23  Cyclone  
  136  10:24  Cyclone, Widow Mine  
  136  10:25  Cyclone  
  136  10:27  SCV  
  151  10:29  SCV  
  151  10:30  SCV  
  151  10:31  Factory  
  153  10:38  Widow Mine  
  153  10:39  SCV  
  153  10:40  Drilling Claws  
  153  10:41  SCV  
  158  10:42  SCV  
  158  10:46  Hellion  
  160  10:53  Cyclone  
  160  10:54  Planetary Fortress  
  160  10:56  Hellion x2  
  168  10:58  SCV  
  168  11:03  SCV  
  168  11:04  SCV  
  171  11:10  Supply Depot  
  171  11:11  Supply Depot, SCV  
  172  11:29  Factory Reactor  
  172  11:31  Cyclone, SCV x3  
  179  11:33  Cyclone x2  
  187  11:40  Supply Depot  
  187  11:41  Supply Depot  
  187  11:43  SCV  
  188  11:49  Refinery  
  188  11:50  Refinery  
  188  12:00  Factory  
  188  12:01  Cyclone, Factory, Widow Mine x2  
  188  12:03  SCV  
  175  12:37  SCV  
  175  12:40  Cyclone x4, Widow Mine x3, SCV  
  195  12:47  Factory Tech Lab  
  195  12:48  Factory Tech Lab, Terran Vehicle And Ship Armor Level 3  
  195  12:49  SCV  
  196  13:05  Command Center x2  
  196  13:08  Missile Turret  
  196  13:09  Missile Turret  
  196  13:11  Refinery x2  
  196  13:13  Sensor Tower  
  196  13:15  Missile Turret  
  192  13:29  Widow Mine  
  192  13:30  Cyclone, Widow Mine  
  180  13:59  Cyclone x2, Widow Mine x5  
  180  14:00  Cyclone x2  
  180  14:02  Widow Mine  
  164  14:25  Planetary Fortress  
  164  14:27  Widow Mine x4  
  164  14:28  Orbital Command, Cyclone  
  164  14:31  Widow Mine, Cyclone  
  180  14:34  Widow Mine  
  180  14:35  Command Center, Cyclone x2  
  180  14:36  Command Center  
  186  14:56  Widow Mine x4  
  192  15:00  Cyclone x2  
Show
View Real Time Build Order
Export as new Build Order

Linko Protoss 

Build Orders: 1 Gate Expand 

Get SALT Encoding   

  12  0:01  Probe (Chrono Boost)  
  13  0:11  Probe (Chrono Boost)  
  14  0:18  Pylon  
  14  0:22  Probe (Chrono Boost)  
  15  0:37  Gateway, Probe (Chrono Boost)  
  16  0:43  Assimilator  
  16  0:47  Probe (Chrono Boost)  
  17  0:58  Probe (Chrono Boost)  
  18  1:09  Probe (Chrono Boost)  
  19  1:21  Nexus  
  19  1:25  Probe (Chrono Boost)  
  20  1:36  Cybernetics Core  
  20  1:38  Probe (Chrono Boost)  
  21  1:43  Assimilator  
  21  1:49  Probe (Chrono Boost)  
  22  1:54  Pylon  
  22  2:01  Probe (Chrono Boost)  
  23  2:14  Mothership Core (Chrono Boost)  
  25  2:17  Warp Gate  
  25  2:23  Adept  
  26  2:30  Pylon  
  27  2:37  Probe (Chrono Boost)  
  27  2:42  Twilight Council  
  27  2:46  Probe (Chrono Boost)  
  27  2:47  Probe (Chrono Boost)  
  29  3:00  Probe x2 (Chrono Boost)  
  31  3:07  Robotics Facility  
  31  3:10  Probe x2 (Chrono Boost), Resonating Glaives  
  31  3:12  Adept  
  35  3:27  Probe (Chrono Boost)  
  37  3:28  Probe (Chrono Boost)  
  37  3:37  Probe (Chrono Boost)  
  37  3:39  Adept  
  37  3:40  Probe (Chrono Boost)  
  41  3:48  Gateway  
  41  3:50  Gateway  
  41  3:52  Observer  
  41  3:53  Gateway  
  42  4:01  Gateway  
  42  4:08  Gateway  
  42  4:13  Gateway  
  42  4:17  Warp Prism  
  44  4:26  Probe (Chrono Boost)  
  44  4:27  Probe (Chrono Boost)  
  46  4:31  Pylon  
  46  4:36  Pylon  
  46  4:38  Probe (Chrono Boost)  
  48  4:39  Probe (Chrono Boost)  
  48  4:45  Adept  
  50  4:50  Probe (Chrono Boost)  
  50  4:51  Probe (Chrono Boost)  
  52  5:00  Pylon  
  52  5:10  Immortal  
  52  5:12  Pylon  
  52  5:32  Adept x6  
  52  5:33  Adept  
  61  5:50  Probe x2 (Chrono Boost)  
  61  5:55  Stalker x3  
  61  5:56  Immortal, Stalker x2  
  77  6:18  Probe x2 (Chrono Boost)  
  77  6:25  Nexus  
  77  6:28  Pylon  
  77  6:33  Templar Archives, Warp Prism  
  77  6:36  Probe x2 (Chrono Boost)  
  81  6:40  Blink  
  81  6:46  Assimilator  
  83  6:48  Probe x2 (Chrono Boost), Assimilator  
  82  7:03  Adept x3  
  82  7:07  Probe x2 (Chrono Boost)  
  90  7:26  Immortal  
  90  7:31  Probe x2 (Chrono Boost)  
  90  7:36  Pylon  
  94  7:48  Nexus  
  94  7:56  Probe x2 (Chrono Boost)  
  96  8:00  Immortal, Pylon  
  100  8:06  Adept  
  100  8:12  Psionic Storm, Pylon  
  102  8:17  Forge  
  104  8:20  Probe x2 (Chrono Boost)  
  104  8:22  Forge  
  102  8:43  Stalker x2  
  102  8:44  Stalker x4  
  77  9:25  Adept x4  
  77  9:27  Stalker x2  
  77  9:28  Stalker  
  77  9:29  Immortal  
  77  9:31  Probe (Chrono Boost)  
  94  9:32  Protoss Ground Weapons Level 1, Probe x2 (Chrono Boost)  
  89  9:49  Stalker x2  
  89  9:50  Stalker x2  
  87  10:05  Stalker x3  
  93  10:08  Observer  
  94  10:25  Adept x2  
  94  10:26  Immortal  
  94  10:27  Stalker x3  
  104  10:35  Probe (Chrono Boost)  
  111  10:36  Probe x2 (Chrono Boost)  
  111  10:37  Assimilator  
  111  10:43  Assimilator  
  111  10:48  Probe (Chrono Boost)  
  106  10:52  Charge  
  102  11:01  Forge  
  102  11:02  Probe x2 (Chrono Boost)  
  104  11:04  Protoss Ground Armor Level 1  
  104  11:11  Adept x3  
  104  11:12  Adept x4  
  104  11:15  Probe (Chrono Boost)  
  104  11:16  Probe x2 (Chrono Boost)  
  121  11:28  Probe (Chrono Boost)  
  122  11:34  Stalker x4  
  130  11:40  High Templar  
  130  11:45  Pylon  
  132  12:06  Stalker x3  
  132  12:07  High Templar  
  140  12:09  Pylon  
  140  12:13  Archon  
  118  12:36  Stalker x2  
  118  12:37  Stalker x4  
  119  12:55  Robotics Bay  
  119  12:56  Protoss Ground Weapons Level 2  
  119  12:58  Stalker  
  119  13:05  Pylon  
  121  13:06  Protoss Ground Armor Level 2  
  121  13:08  Stalker x4  
  108  13:29  Stalker x3  
  108  13:31  Stalker  
  108  13:32  Stalker x2  
  62  13:56  Stalker  
  62  13:57  Stalker  
  62  13:58  Stalker x2  
  62  13:59  Stalker x3  
  71  14:10  Observer  
  71  14:24  Nexus  
  71  14:35  Stalker x2  
  71  14:36  Stalker  
  77  15:04  Stalker x4  
  84  15:07  Probe (Chrono Boost)  
  76  15:17  Probe (Chrono Boost)  
  61  15:24  Stalker x3  
  66  15:31  High Templar x2  
  65  15:43  Archon  
  65  15:46  Observer  
Tags
 
Add a new tag
Caveats
  • Supply blocks, unpowered buildings, or Contaminate may cause inaccurate times.
  • Supply counts are checked every 10 seconds.